 Dungeon Crawl Stone Soup version 0.31-a0-145-g046c7d2549 (webtiles) character file.

Game seed: 16925131124962297038

157 qw the Shooter (level 5, -3/46 HPs)
             Began as a Minotaur Hunter on June 7, 2023.
             Slain by a gnoll
             ... wielding a +0 halberd
              (6 damage)
             ... on level 3 of the Dungeon.
             The game lasted 00:00:32 (1450 turns).

qw the Shooter (Minotaur Hunter)                    Turns: 1450, Time: 00:00:33

Health: -3/46      AC:  3    Str: 16    XL:     5   Next: 15%
Magic:  0/4        EV: 12    Int:  6    God:
Gold:   68         SH:  0    Dex: 15    Spells: 4/4 levels left

rFire   . . .        Y - +3 shortbow
rCold   . . .        (shield currently unavailable)
rNeg    . . .        c - +0 leather armour
rPois   .            (helmet restricted)
rElec   .            (no cloak)
rCorr   .            (no gloves)
SInv    .            (no boots)
Will    +....        d - amulet of guardian spirit
Stlth   +            e - ring of willpower
HPRegen 0.27/turn    (no ring)
MPRegen 0.09/turn

%: guardian spirit
@: no status effects
A: horns 2, retaliatory headbutt
a: no special abilities


You were on level 3 of the Dungeon.
You visited 1 branch of the dungeon, and saw 3 of its levels.

You collected 68 gold pieces.


Innate Abilities, Weirdness & Mutations

You have a pair of horns on your head.
You reflexively headbutt those who attack you in melee.


   Skills:
 - Level 4.0 Fighting
 + Level 6.4 Ranged Weapons
 - Level 2.1 Dodging
 - Level 0.7 Stealth


You had 4 spell levels left.
You didn't know any spells.
Your spell library was empty.

Inventory:

Hand Weapons
 Y - a +3 shortbow (weapon)
Armour
 c - a +0 leather armour (worn)
Jewellery
 d - an amulet of guardian spirit (around neck)
 e - a ring of willpower (left hand)
Scrolls
 f - a scroll of blinking {unknown}
 i - 2 scrolls of identify
Potions
 a - a potion of curing {unknown}
 b - a potion of mutation {unknown}
 g - a potion of attraction {unknown}
 h - a potion of enlightenment {unknown}

Dungeon Overview and Level Annotations

Branches:
Dungeon (3/15)

Altars:


Message History

You shoot an arrow. The arrow hits the adder!
You kill the adder!
The gnoll barely misses you.
The gnoll hits you from afar with a +0 halberd.
You shoot an arrow. The arrow hits the gnoll!
The gnoll is severely wounded.
The gnoll hits you from afar with a +0 halberd!
The gnoll misses you.
You shoot an arrow. The arrow closely misses the gnoll.
The gnoll hits you with a +0 club. The gnoll barely misses you.
You shoot an arrow. The arrow barely misses the gnoll.
The gnoll hits you from afar with a +0 halberd!
The gnoll closely misses you. The frilled lizard misses you.
You furiously retaliate!
You headbutt the frilled lizard. The gnoll closely misses you. x2
You shoot an arrow. The arrow hits the gnoll.
The gnoll is almost dead.
The gnoll barely misses you. The gnoll hits you with a +0 club.
The frilled lizard bites you but does no damage.
You shoot an arrow.
The arrow hits the gnoll but does no damage.
The gnoll is almost dead.
The gnoll closely misses you. The gnoll barely misses you.
The frilled lizard bites you.
You shoot an arrow. The arrow hits the gnoll!
You kill the gnoll!
The gnoll closely misses you. The frilled lizard misses you.
You shoot an arrow. The arrow hits the frilled lizard.
You kill the frilled lizard!
The gnoll closely misses you.
You shoot an arrow. The arrow hits the gnoll.
The gnoll is heavily wounded.
The gnoll closely misses you.
You shoot an arrow. The arrow barely misses the gnoll.
The gnoll hits you from afar with a +0 halberd.
You shoot an arrow.
The arrow hits the gnoll but does no damage.
The gnoll is heavily wounded.
The gnoll hits you from afar with a +0 halberd!
You die...

............#####....
......##.#########+##.
.....##.# #........#.
.....##.# #........#.
##...##.###........#.
#...##...'........'.
#..g######........#.
#.)%# #.+........#.
####..@####.#........#.
#..'...'....'%.......##
#.##...####.#........#
#.#.....#.........#'##
#.#.#+#.#.#.#####.#.#
#.#...#.#.#.#####.#.##
#.###.#.#.#.#........#
#.......#.#.#.###.#..#
#####.#<#.#.#.....#..#


You could see a gnoll.

Vanquished Creatures
  6 gnolls
  6 adders
  A worm (D:2)
  A dart slug (D:2)
  4 endoplasms
  A giant cockroach (D:2)
  5 goblins
  4 hobgoblins
  5 kobolds
  2 quokkas (D:2)
  A ball python (D:2)
  3 bats
  A frilled lizard (D:3)
  3 rats
43 creatures vanquished.

Notes
Turn   | Place    | Note
-------+----------+-------------------------------------------
     0 | D:1      | qw the Minotaur Hunter began the quest for the Orb.
     0 | D:1      | Reached XP level 1. HP: 18/18 MP: 0/0
     0 | D:1      | 0 ||| qw: Version: 0.2-a-117-gc6b5c8b
     0 | D:1      | 0 ||| qw: Game counter: 2502
     0 | D:1      | 0 ||| qw: Always use a shield: true
     0 | D:1      | 0 ||| qw: God list: Okawaru
     0 | D:1      | 0 ||| qw: Allow faded altars: false
     0 | D:1      | 0 ||| qw: Do Orc after D:15 true
     0 | D:1      | 0 ||| qw: Do second Lair branch before Depths: true
     0 | D:1      | 0 ||| qw: Lair rune preference: random
     0 | D:1      | 0 ||| qw: Plans: Normal
     0 | D:1      | 0 ||| PLANNING D:1-11
   334 | D:1      | Reached XP level 2. HP: 25/25 MP: 1/1
   526 | D:1      | Reached skill level 5 in Ranged Weapons
   571 | D:1      | 571 ||| UPGRADING to amulet of guardian spirit.
   576 | D:1      | 576 ||| READING scroll labelled VIEHEOKLOIC.
   577 | D:1      | 577 ||| READING 2 scrolls labelled FEWUOS BIJYRR.
   578 | D:1      | 578 ||| READING scroll of enchant weapon.
   578 | D:1      | 578 ||| ENCHANTING +1 shortbow.
   579 | D:1      | 579 ||| DROPPING scroll of butterflies.
   616 | D:2      | Reached skill level 3 in Fighting
   640 | D:2      | Reached XP level 3. HP: 31/31 MP: 2/2
   781 | D:2      | Found Lakimoc's Armour Boutique.
   911 | D:2      | Reached XP level 4. HP: 32/38 MP: 3/3
   913 | D:2      | Reached skill level 6 in Ranged Weapons
  1034 | D:2      | Found a faded altar of an unknown god.
  1226 | D:2      | 1226 ||| UPGRADING to ring of willpower.
  1227 | D:2      | 1227 ||| READING scroll labelled PIROAM WIRCHU.
  1305 | D:3      | 1305 ||| READING scroll of enchant weapon.
  1305 | D:3      | 1305 ||| ENCHANTING +2 shortbow.
  1436 | D:3      | Reached XP level 5. HP: 46/46 MP: 4/4
  1443 | D:3      | HP: 9/46 [gnoll/+0 halberd (11)]
  1445 | D:3      | HP: 4/46 [frilled lizard (1)]
  1450 | D:3      | Slain by a gnoll

Levels and vault maps discovered:
D:1:      amcnicky_arrival_double_pillar, layout_basic
D:2:      layout_rooms, hellmonk_ecumenical_altar_zigzags, serial_shops,
          nicolae_shop_stone, amcnicky_mini_corridor_feature
D:3:      layout_basic, serial_shops, shop

Skill      XL: |  1  2  3  4 |
---------------+-------------+-----
Ranged Weapons | 5 6 |  6.4
Fighting       | 3 4 |  4.0
Dodging        | |  2.1
Stealth        | |  0.7

Action                     |  1- 3 |  4- 6 || total
---------------------------+-------+-------++-------
   Fire: Shortbow          |    81 |    46 ||   127
    Use: Scroll            |     3 |     2 ||     5
 Armour: Leather armour    |     4 |     3 ||     7
  Dodge: Dodged            |    14 |    35 ||    49

Table legend:
 A = Non-vault XP
 B = Vault XP
 C = Vault XP percentage of total XP
 D = Non-vault monster count
 E = Vault monster count
 F = Vault count percentage of total count
                 A         B        C        D         E       F
            +---------+---------+-------+---------+---------+-------
      Total |     225 |       0 |   0.0 |      43 |       0 |   0.0
            +---------+---------+-------+---------+---------+-------
        D:1 |      18 |       0 |   0.0 |      10 |       0 |   0.0
        D:2 |     136 |       0 |   0.0 |      26 |       0 |   0.0
        D:3 |      71 |       0 |   0.0 |       7 |       0 |   0.0
            +---------+---------+-------+---------+---------+-------
